 Dungeon Crawl Stone Soup version 0.28.0 (webtiles) character file.

Game seed: 1226232985986019722

2536 ravioli the Thaumaturge (level 9, -13/46 HPs)
             Began as a Deep Elf Fire Elementalist on Feb 10, 2022.
             Was a Believer of Sif Muna.
             Mangled by an orc warrior (23 damage)
             ... on level 7 of the Dungeon.
             The game lasted 00:26:21 (11915 turns).

ravioli the Thaumaturge (DEFE)                     Turns: 11915, Time: 00:26:23

Health: -13/46     AC:  2    Str:  5    XL:     9   Next: 30%
Magic:  23/33      EV: 14    Int: 25    God:    Sif Muna [**....]
Gold:   378        SH:  0    Dex: 15    Spells: 16/27 levels left

rFire   + . .      SeeInvis .   r - staff of fire
rCold   . . .      Faith    .   (no shield)
rNeg    . . .      Spirit   .   a - +0 robe
rPois   .          Reflect  .   (no helmet)
rElec   .          Harm     .   (no cloak)
rCorr   .          Rampage  .   (no gloves)
Will    .....                   (no boots)
Stlth   +++.......              (no amulet)
HPRegen 0.15/turn               i - ring of magical power
MPRegen 0.23/turn               j - ring of wizardry

@: no status effects
A: no striking features
a: Renounce Religion, Channel Magic


You were on level 7 of the Dungeon.
You worshipped Sif Muna.
Sif Muna was pleased with you.
You visited 2 branches of the dungeon, and saw 8 of its levels.

You collected 450 gold pieces.
You spent 72 gold pieces at shops.

Inventory:

Missiles
 s - 6 poisoned darts
 t - 5 curare-tipped darts
Armour
 a - a +0 robe (worn)
Magical Staves
 r - a staff of fire (weapon)
Jewellery
 i - a ring of magical power (left hand)
 j - a ring of wizardry (right hand)
 x - a ring of protection from cold
Wands
 y - a wand of paralysis (5)
Scrolls
 e - a scroll of blinking {unknown}
 f - 2 scrolls of amnesia
 g - 2 scrolls of magic mapping {unknown}
 h - 2 scrolls of teleportation
 k - a scroll of vulnerability {unknown}
 l - a scroll of enchant weapon {unknown}
 m - a scroll of fear {unknown}
 n - a scroll of enchant armour {unknown}
 p - 2 scrolls of brand weapon
 u - a scroll of torment {unknown}
 v - a scroll of silence {unknown}
 A - a scroll of noise {unknown}
Potions
 b - a potion of resistance
 c - a potion of berserk rage
 d - a potion of lignification
 o - 2 potions of brilliance
 q - a potion of cancellation {unknown}
 w - 2 potions of degeneration
 z - a potion of heal wounds {unknown}


   Skills:
 + Level 0.8 Fighting
 + Level 0.5 Throwing
 + Level 4.5 Dodging
 + Level 5.7 Stealth
 + Level 0.4 Unarmed Combat
 + Level 9.6 Spellcasting
 + Level 6.3 Conjurations
 + Level 7.9 Fire Magic
 * Level 1.5 Invocations


You had 16 spell levels left.
You knew the following spells:

 Your Spells              Type           Power      Damage    Failure   Level
a - Foxfire               Conj/Fire      100%       2x1d9     1%          1
b - Sticky Flame          Conj/Fire      64%        2d8       1%          4
c - Flame Wave            Conj/Fire      64%        2d12      1%          4
d - Scorch                Fire           100%       2d10      1%          2

Your spell library contained the following spells:

 Spells                   Type           Power      Damage    Failure   Level
 Conjure Flame            Conj/Fire      64%        6-21      1%          3
 Dazzling Flash           Conj/Hex       54%        N/A       1%          3
 Inner Flame              Hex/Fire       47%        N/A       1%          3
 Ignite Poison            Fire/Tmut/Pois 37%        N/A       2%          3
 Ensorcelled Hibernation  Hex/Ice        24%        N/A       3%          2
 Passwall                 Tmut/Erth      10%        N/A       3%          2
 Swiftness                Air            12%        N/A       6%          3
 Animate Armour           Summ/Erth      24%        N/A       21%         4
 Agony                    Necr           12%        N/A       45%         5
 Blade Hands              Tmut           6%         N/A       45%         5
 Silence                  Hex/Air        6%         N/A       45%         5
 Iron Shot                Conj/Erth      13%        9d3       61%         6


Dungeon Overview and Level Annotations

Branches:
Dungeon (7/15)             Temple (1/1) D:4

Altars:
Ashenzari
Elyvilon
Fedhas
Kikubaaqudgha
Makhleb
Nemelex Xobeh
Okawaru
Qazlal
Ru
Sif Muna
Trog
Uskayaw
Vehumet
Wu Jian
Xom
Yredelemnul
Zin
The Shining One

Shops:
D:2 [   D:6 =   D:7 *


Message History

You kill the centaur!
Sif Muna accepts your kill.
The orc warrior shouts!
Unknown command.
Casting: Scorch (safe; 1% risk of failure)
Confirm with . or Enter, or press ? or * to list all spells.
You feel a surge of power!
Flames lash the ogre.
The ogre is moderately wounded.
The ogre's fire resistance burns away.
Unknown command.
Casting: Scorch (safe; 1% risk of failure)
Confirm with . or Enter, or press ? or * to list all spells.
Casting: Flame Wave (dangerous; 1% risk of failure)
Press: ? - help, Dir - look around, f - activate You feel a surge of power!
A wave of flame ripples out! (Press . to intensify the flame waves.) Unknown command.
A wave of flame ripples out!
The flame wave engulfs the ogre!!
The ogre is burned terribly!
You kill the ogre!
Sif Muna accepts your kill.
You hear a shout! x7
Your Invocations skill increases to level 1!
A wave of flame ripples out!
The flame wave engulfs the orc warrior.
The orc warrior is lightly wounded.
You finish channelling waves of flame.
The orc warrior closely misses you.
You hear a shout!
Casting: Flame Wave (dangerous; 1% risk of failure)
Confirm with . or Enter, or press ? or * to list all spells.
You feel a surge of power!
You conjure some foxfire!
The orc warrior hits you from afar with a +0 halberd!!
Ouch! That really hurt!
* * * LOW HITPOINT WARNING * * *
The foxfire hits the orc warrior but does no damage.
The orc warrior is lightly wounded.
The foxfire hits the orc warrior but does no damage.
The orc warrior is lightly wounded.
The orc warrior hits you from afar with a +0 halberd!!
Ouch! That really hurt!
You die...

#++## # #o..# ##
#... .# #.. ##
#)## .# ##o.# ##
##).># ####
#@§### #(.###
##§.# #....####
####..##
#.......#
##.#...#
........#
#.....##
##......####.####
.........##..#
#.........#..#
##......#...##


You could see an orc warrior.

Vanquished Creatures
  Grum (D:7)
  2 water moccasins
  4 ogres
  A necrophage (D:3)
  A wolf (D:7)
  A centaur (D:7)
  A bullfrog (D:7)
  4 scorpions
  2 gnoll sergeants (D:7)
  3 wights (D:7)
  A centaur zombie (D:6)
  2 jellies
  A bullfrog skeleton (D:7)
  3 orc priests
  2 centaur skeletons (D:7)
  A gnoll shaman (D:7)
  8 hounds (D:7)
  4 iguanas
  2 orc wizards
  A hound skeleton (D:4)
  12 adders
  15 gnolls
  A shadow imp (D:5)
  2 white imps
  A worm (D:3)
  2 dart slugs
  10 orcs
  5 ball pythons
  4 endoplasms
  2 giant cockroaches
  7 goblins
  7 hobgoblins
  3 jackals (D:7)
  2 quokkas
  8 bats
  3 frilled lizards
  5 kobolds
  7 rats
141 creatures vanquished.

Vanquished Creatures (others)
  364 foxfires
  4 plants
368 creatures vanquished.

Grand Total: 509 creatures vanquished

Notes
Turn   | Place    | Note
-------+----------+-------------------------------------------
     0 | D:1      | ravioli the Deep Elf Fire Elementalist began the quest for
                  | the Orb.
     0 | D:1      | Reached XP level 1. HP: 10/10 MP: 6/6
   292 | D:1      | Reached XP level 2. HP: 13/15 MP: 4/8
  1440 | D:2      | Found a faded altar of an unknown god.
  1462 | D:2      | Reached XP level 3. HP: 19/19 MP: 7/10
  1625 | D:2      | Found Ycsaew's Armour Shoppe.
  1730 | D:2      | Found a shimmering altar of Xom.
  2470 | D:3      | Reached skill level 4 in Spellcasting
  2470 | D:3      | Reached XP level 4. HP: 24/24 MP: 8/12
  2692 | D:3      | Noticed a necrophage
  2708 | D:3      | Killed a necrophage
  2709 | D:3      | Reached XP level 5. HP: 3/28 MP: 8/14
  3313 | D:3      | Found a white marble altar of Elyvilon.
  4089 | D:3      | Learned a level 4 spell: Sticky Flame
  4257 | D:4      | Reached skill level 5 in Fire Magic
  4524 | D:4      | Found a staircase to the Ecumenical Temple.
  4535 | Temple   | Entered the Ecumenical Temple
  4608 | Temple   | Became a worshipper of Sif Muna the Loreminder
  4658 | D:4      | Reached skill level 5 in Spellcasting
  4672 | D:4      | Reached XP level 6. HP: 32/32 MP: 15/15
  4677 | D:4      | Learned a level 4 spell: Flame Wave
  5546 | D:5      | Entered Level 5 of the Dungeon
  5548 | D:5      | Found a radiant altar of Vehumet.
  5651 | D:5      | Reached skill level 6 in Spellcasting
  5837 | D:5      | Reached XP level 7. HP: 14/36 MP: 18/18
  5840 | D:5      | Learned a level 2 spell: Scorch
  6331 | D:5      | Reached skill level 7 in Spellcasting
  6520 | D:5      | Reached * piety under Sif Muna
  7134 | D:6      | Found Ynoivvol's Jewellery Boutique.
  7445 | D:6      | Reached XP level 8. HP: 29/41 MP: 21/21
  7605 | D:6      | Found a sacrificial altar of Ru.
  7645 | D:6      | Reached skill level 5 in Conjurations
  9004 | D:7      | Reached skill level 8 in Spellcasting
  9334 | D:7      | Noticed a +0 falchion
  9336 | D:7      | Noticed a +0 dagger
  9355 | D:7      | Noticed a +0 short sword
  9356 | D:7      | Noticed a +0 dagger
  9356 | D:7      | Noticed a +0 spear
  9358 | D:7      | Noticed a +0 short sword
  9358 | D:7      | Noticed a +0 spear
  9359 | D:7      | Noticed a +0 falchion
  9361 | D:7      | Found a hide-covered altar of Uskayaw.
  9438 | D:7      | Reached skill level 5 in Stealth
 10723 | D:7      | Found Noenoytz's General Store.
 10733 | D:7      | Bought a scroll of teleportation for 36 gold pieces
 10733 | D:7      | Bought 5 curare-tipped darts for 36 gold pieces
 10853 | D:7      | Reached skill level 9 in Spellcasting
 10860 | D:7      | Reached XP level 9. HP: 45/46 MP: 20/24
 11083 | D:7      | Noticed Grum
 11089 | D:7      | Killed Grum
 11159 | D:7      | Reached ** piety under Sif Muna
 11913 | D:7      | Reached skill level 1 in Invocations
 11915 | D:7      | Mangled by an orc warrior

Illustrated notes

Levels and vault maps discovered:
D:1:      dpeg_arrival_subterranean_lakeside_camping, layout_loops_ring,
          minmay_pentomino_t2
D:2:      layout_loops_corners, basic_altar,
          shapermc_ecumenical_altar_totnotflames, serial_shops,
          nicolae_shop_temple_entry_statues_fountains, minmay_misc_feat_enclosed
D:3:      layout_basic, general_overflow_altar, serial_bayou_pond_a,
          minmay_vboxes
D:4:      layout_basic, minmay_temple_entry_waves
D:5:      layout_rooms, nicolae_vehumet_radiance, saegor_snake_ambush
D:6:      layout_basic, lemuel_tele_altar, serial_shops, nicolae_diamond_shop,
          minmay_fire_ice_demons
D:7:      kennysheep_seaside_town, layout_cave_pools, nicolae_uskayaw_en_pointe,
          serial_gnoll_camp, gnoll_camp_mini_sergeant, gnoll_camp_mini_house,
          grums_kennel, gnoll_camp_mini_doghouse, gnoll_camp_mini_hut,
          gnoll_camp_mini_basic, serial_shops, shop
Temple:   cyrus_circular_temple

Skill      XL: |  1  2  3  4  5  6  7  8  9 |
---------------+----------------------------+-----
Fire Magic     | 4 5 6 7 |  7.9
Spellcasting   | 4 5 6 7 9 |  9.6
Conjurations   | 2 3 4 5 6 |  6.3
Dodging        | 3 4 |  4.5
Stealth        | 3 5 |  5.7
Invocations    | 1 |  1.5
Fighting       | |  0.8
Throwing       | |  0.5
Unarmed Combat | |  0.4

Action                   |  1- 3 |  4- 6 |  7- 9 || total
-------------------------+-------+-------+-------++-------
Melee: Unarmed           |       |     1 |       ||     1
       Staff             |       |       |    40 ||    40
Throw: Dart              |       |       |     8 ||     8
 Cast: Foxfire           |    60 |    61 |    94 ||   215
       Sticky Flame      |       |     1 |       ||     1
       Flame Wave        |       |     3 |     7 ||    10
       Scorch            |       |       |    35 ||    35
Evoke: Wand              |       |       |     2 ||     2
  Use: Potion            |       |     1 |     2 ||     3
       Scroll            |       |     2 |     5 ||     7
 Stab: Paralysed         |       |       |     7 ||     7
Armor: Robe              |     8 |     7 |    13 ||    28
Dodge: Dodged            |    23 |    24 |    83 ||   130
